Map: Simulacrum LE

Players

Scarlett - Winner!

  • Race: Zerg Zerg
  • Spawn Location: 5:00

Nerchio

  • Race: Zerg Zerg
  • League: Master
  • Spawn Location: 11:00

VOD

Have the link to the VOD?

Description

Time

  • Played on: Jan. 13, 2020, 3:34 p.m.
  • Length: 2:39
Show
View Real Time Build Order
Export as new Build Order

Scarlett Zerg - Winner!

Build Orders: 1 Base Baneling Bust, Pool Only 

Get SALT Encoding   

  12  0:00  Drone  
  13  0:12  Extractor  
  12  0:23  Spawning Pool  
  12  0:28  Drone  
  12  0:33  Drone  
  13  0:38  Drone  
  14  0:49  Overlord  
  14  1:10  Zergling x4  
  17  1:11  Zergling x2  
  17  1:13  Metabolic Boost  
  17  1:22  Zergling x2  
  18  1:32  Baneling Nest  
  17  1:35  Zergling x2  
  18  1:44  Zergling x2  
  19  1:50  Queen  
  21  1:56  Zergling x2  
  22  2:04  Overlord  
  22  2:17  Baneling x2  
Show
View Real Time Build Order
Export as new Build Order

Nerchio Zerg 

Build Orders: Hatch First 

Get SALT Encoding   

  12  0:00  Drone  
  13  0:12  Overlord  
  13  0:17  Drone  
  14  0:30  Drone x2  
  14  0:34  Drone  
  17  0:51  Hatchery  
  17  0:55  Drone  
  17  0:58  Drone  
  17  1:02  Extractor  
  17  1:13  Spawning Pool  
  17  1:16  Drone  
  17  1:20  Drone  
  18  1:27  Drone  
  19  1:38  Drone  
  20  1:49  Overlord  
  20  2:00  Zergling x2  
  21  2:03  Zergling x2, Queen  
  24  2:10  Zergling x2  
  26  2:19  Drone  
  26  2:22  Drone  
  26  2:26  Drone  
Tags
 
Add a new tag
Caveats
  • Supply blocks, unpowered buildings, or Contaminate may cause inaccurate times.
  • Supply counts are checked every 10 seconds.